 Dungeon Crawl Stone Soup version 0.16.1-11-g651b585 (webtiles) character file.

30 maniek23 the Insei (level 3, 0/18 HPs)
             Began as a Vine Stalker Transmuter on Apr 3, 2015.
             Slain by an adder (3 damage)
             ... on level 2 of the Dungeon.
             The game lasted 00:02:26 (859 turns).

maniek23 the Insei (Vine Stalker Transmuter)         Turns: 859, Time: 00:02:26

Health: 0/18       AC:  2    Str: 12    XL:     3   Next: 20%
Magic:  0/7        EV: 12    Int: 14    God:
Gold:   81         SH:  0    Dex: 14    Spells: 2 memorised, 4 levels left

rFire  . . .     SeeInvis .       - Unarmed
rCold  . . .     Clarity  .     c - +0 robe
rNeg   . . .     SustAb   .     (no shield)
rPois  .         Gourm    .     (no helmet)
rElec  .         Spirit   +     (no cloak)
rCorr  .         Warding  .     (no gloves)
rMut   .         Stasis   .     (no boots)
MR     .....                    h - amulet of guardian spirit
Stlth  +.........               (no ring)
                                (no ring)

@: lethally poisoned (0 -> -1), not resistant to hostile enchantments, very
unstealthy
A: fangs 2, regeneration 1, magic shield, antimagic bite, no device heal 3, rot
immunity
a: no special abilities


You were on level 2 of the Dungeon.
You were not hungry.

You visited 1 branch of the dungeon, and saw 2 of its levels.

You collected 81 gold pieces.

Inventory:

Missiles
 b - 31 arrows
Armour
 c - a +0 robe (worn)
 m - a +0 leather armour
Jewellery
 h - an amulet of guardian spirit (around neck)
Scrolls
 e - a scroll of recharging {unknown}
 k - a scroll of identify {unknown}
 l - a scroll of noise {unknown}
 o - a scroll of fear {unknown}
 p - a scroll of random uselessness {unknown}
 q - a scroll of magic mapping {unknown}
Potions
 i - 2 potions of curing {unknown}
 j - a potion of ambrosia {unknown}
 n - a potion of heal wounds {unknown}
Books
 d - a book of Changes

   Spells                             Type                      Level
   a - Beastly Appendage              Transmutation                1
   b - Sticks to Snakes               Transmutation                2
   c - Spider Form                    Transmutation/Poison         3
   d - Ice Form                       Ice/Transmutation            4
   e - Blade Hands                    Transmutation                5
Comestibles
 a - 4 bread rations
 f - 2 meat rations


   Skills:
 + Level 1.0 Fighting
 + Level 1.8 Dodging
 * Level 3.5 Unarmed Combat
 + Level 2.5 Spellcasting
 * Level 2.4 Transmutations


You had 4 spell levels left.
You knew the following spells:

 Your Spells              Type           Power        Failure   Level  Hunger
a - Beastly Appendage     Trmt           #.....       10%         1    #......
b - Sticks to Snakes      Trmt           #.........   14%         2    ###....


Dungeon Overview and Level Annotations

Branches:
Dungeon (2/15)

Altars:
Kikubaaqudgha


Innate Abilities, Weirdness & Mutations

You have extremely sharp teeth.
Your natural rate of healing is unusually fast.
When hurt, damage is shared between your health and your magic reserves.
Your bite disrupts and absorbs the magic of your enemies.
Potions and wands cannot restore your health.
You are immune to rotting.


Message History

You feel sick. The adder bites you.
You feel sick.
You closely miss the adder. Your headbutt misses the adder.
The adder is heavily wounded.
Your horns disappear.
The adder bites you.
* * * LOW HITPOINT WARNING * * *
You are more poisoned.
The adder poisons you! The adder barely misses you.
You hit the adder but do no damage. Your bite misses the adder.
The adder is heavily wounded.
You feel sick. The adder completely misses you.
You closely miss the adder. Your bite misses the adder.
The adder is heavily wounded.
The adder barely misses you.
You closely miss the adder. Your bite misses the adder.
The adder is moderately wounded.
You feel sick. The adder bites you.
You die...

.⌠...⌠.##
#......≈...#...
.........##
#..⌠....≈_.#.##
⌠...>...⌠.
#....##....#.##
.........
#...########...
#.⌠...⌠.##
#............#.
#....†..#
#.#######.#..#.
##.)....## #.#
#.##.#.
..........########.#
#.##.#.
###.###...ggsS@...#
#...... ..
#############
####### ##


You could see an adder, a giant cockroach, a hobgoblin and a goblin.

Vanquished Creatures
  A giant mite (D:1)
  4 bats
  2 giant cockroaches
  2 goblins (D:1)
  2 hobgoblins (D:1)
  5 kobolds (D:1)
  2 giant newts (D:1)
  7 rats
25 creatures vanquished.

Notes
Turn   | Place    | Note
--------------------------------------------------------------
     0 | D:1      | maniek23, the Vine Stalker Transmuter, began the quest for the Orb.
     0 | D:1      | Reached XP level 1. HP: 9/9 MP: 3/3
   160 | D:1      | Reached skill level 1 in Fighting
   160 | D:1      | Reached XP level 2. HP: 9/14 MP: 3/5
   242 | D:1      | Learned a level 2 spell: Sticks to Snakes
   512 | D:1      | Reached XP level 3. HP: 10/18 MP: 3/7
   812 | D:2      | Found an ancient bone altar of Kikubaaqudgha.
   859 | D:2      | Slain by an adder

Action                   || total
-------------------------++-------
Melee: Unarmed           ||    72
 Cast: Beastly Appendage ||     2
